 Dungeon Crawl Stone Soup version 0.17-a0-1069-g92ad481 (webtiles) character file.

316 wotan the Grappler (level 6, -8/51 HPs)
             Began as a Ghoul Monk on May 17, 2015.
             Engulfed by a cloud of flame (17 damage)
             ... on level 4 of the Dungeon.
             The game lasted 00:13:25 (2731 turns).

wotan the Grappler (Ghoul Monk)                     Turns: 2731, Time: 00:13:25

Health: -8/51      AC:  6    Str: 15    XL:     6   Next: 44%
Magic:  5/5        EV: 10    Int:  5    God:
Gold:   105        SH:  0    Dex: 13    Spells: 0 memorised, 5 levels left

rFire  . . .     SeeInvis .       - Unarmed
rCold  + . .     Clarity  .     l - +0 scale mail
rNeg   + + +     SustAb   .     (no shield)
rPois  ∞         Gourm    .     (no helmet)
rElec  .         Spirit   .     (no cloak)
rCorr  .         Warding  .     (no gloves)
rMut   +         Stasis   .     (no boots)
MR     .....                    g - amulet of resist mutation
Stlth  +.........               (no ring)
                                (no ring)

@: rotting, not resistant to hostile enchantments, very unstealthy
A: rotting body, claws 1, carnivore 3, cold resistance 1, negative energy
resistance 3, slow healing 1, torment resistance, unbreathing
a: no special abilities


You were on level 4 of the Dungeon.
You were not hungry.

You visited 1 branch of the dungeon, and saw 4 of its levels.

You collected 105 gold pieces.

Inventory:

Missiles
 k - 6 tomahawks (quivered)
Armour
 f - a +0 ring mail
 l - a +0 scale mail (worn)
Jewellery
 g - an amulet of resist mutation (around neck)
Potions
 d - a potion of flight
 e - 2 potions of curing
 h - a potion of invisibility {unknown}
 i - a potion of agility {unknown}
 j - a potion of haste {unknown}
Comestibles
 b - 3 meat rations
 c - 3 chunks of flesh


   Skills:
 - Level 3.4 Fighting
 - Level 3.1 Dodging
 - Level 2.1 Stealth
 + Level 8.0 Unarmed Combat


You had 5 spell levels left.
You didn't know any spells.

Dungeon Overview and Level Annotations

Branches:
Dungeon (4/15)
 Temple: D:4-7

Altars:


Innate Abilities, Weirdness & Mutations

Your body is rotting away.
You thrive on raw meat.
You are immune to poison.
You have sharp fingernails.
You are carnivorous and can eat meat at any time.
Your flesh is cold resistant.
You are immune to negative energy.
You heal slowly when monsters are visible.
You are immune to unholy pain and torment.
You can survive without breathing.


Message History

Drink which item? (? for menu, Esc to quit)
You feel much better.
The iguana bites you but does no damage.
You barely miss the iguana.
The iguana is almost dead.
The iguana bites you.
You scratch the iguana.
The iguana explodes!
The fiery explosion engulfs you!
Ouch! That really hurt!
* * * LOW HITPOINT WARNING * * *
The fiery explosion engulfs the ogre.
The ogre explodes!
You have reached level 6!
Your experience leads to an increase in your attributes!
Increase (S)trength, (I)ntelligence, or (D)exterity?
You feel agile.
Your Unarmed Combat skill increases to level 8!
You are engulfed in roaring flames.
You die...

..........##..#
#..#...........##
####......#...#
#..##......###.##
#........#..##.####......##...
........###....####..###..#.##
.........# ##.........# #..##
....###.....###.####..## ...#
#...## #........# ##..####....
....# .######.# #.$....# ....
#@## ##..# # .# #§§# ##.O.#
##.# #.§#§§.###..##.# #..#
#..###..##<.## #.# ..## . ...#
#>#..## ... ...# ......# ...##
### ##.###..# ...# ##...
#.<...# ... ..... #..##.# ..
......


There were no monsters in sight!

Vanquished Creatures
  An ogre (D:4)
  An orc priest (D:3)
  An iguana (D:4)
  Jessica (D:3)
  8 adders
  2 worms (D:3)
  A giant gecko (D:1)
  13 orcs
  2 ball pythons (D:2)
  2 giant cockroaches (D:1)
  9 hobgoblins
  3 jackals (D:1)
  11 bats
  4 giant newts
  6 goblins
  4 kobolds
  6 rats
75 creatures vanquished.

Notes
Turn   | Place    | Note
--------------------------------------------------------------
     0 | D:1      | wotan the Ghoul Monk began the quest for the Orb.
     0 | D:1      | Reached XP level 1. HP: 19/19 MP: 0/0
   307 | D:1      | Reached XP level 2. HP: 23/25 MP: 1/1
   977 | D:2      | Reached XP level 3. HP: 29/29 MP: 2/2
   997 | D:2      | Reached skill level 5 in Unarmed Combat
  1420 | D:2      | Reached XP level 4. HP: 33/37 MP: 3/3
  1625 | D:3      | Reached skill level 6 in Unarmed Combat
  1906 | D:3      | Reached XP level 5. HP: 44/44 MP: 4/4
  2224 | D:3      | Noticed Jessica
  2259 | D:3      | Killed Jessica
  2259 | D:3      | Reached skill level 7 in Unarmed Combat
  2415 | D:4      | Noticed an ogre
  2731 | D:4      | Killed an ogre
  2731 | D:4      | Reached XP level 6. HP: 9/51 MP: 5/5
  2731 | D:4      | Reached skill level 8 in Unarmed Combat
  2731 | D:4      | Engulfed by a cloud of flame

Vault maps used:
D:1:      grunt_arrival_lava_bath, minivault_25
D:2:      serial_corexii_hall, corexii_hall_statues_l, corexii_hall_statues_i,
          first_bread
D:3:      uniq_jessica
D:4:      minmay_temple_entry_poolview

Action                   |  1- 3 |  4- 6 || total
-------------------------+-------+-------++-------
Melee: Unarmed           |    95 |   121 ||   216
  Use: Scroll            |     3 |     4 ||     7
       Potion            |       |     1 ||     1
  Eat: Chunk             |     5 |     3 ||     8
